 Dungeon Sprint DCSS version 0.30.1 (webtiles) character file.

Game seed: 16571834794474691023

0 BreadTh the Ruffian (level 1, 22/22 HPs)
             Began as a Troll Berserker on July 12, 2023.
             Was a Follower of Trog.
             Quit the game in the Dungeon (Sprint VI: "Thunderdome").
             The game lasted 00:00:59 (40 turns).

BreadTh the Ruffian (Troll Berserker)                 Turns: 40, Time: 00:00:59

Health: 22/22      AC:  4    Str: 24    XL:     1   Next: 25%
Magic:  0/0        EV: 10    Int:  3    God:    Trog [*.....]
Gold:   200        SH:  0    Dex:  9    Spells: 0/0 levels left

rFire   . .          .
                       - Unarmed
rCold   . . .        (no shield)
rNeg    . . .        a - +0 animal skin
rPois   .            (helmet restricted)
rElec   .            (no cloak)
rCorr   .            (gloves unavailable)
SInv    .            (boots unavailable)
Will    .....        (no amulet)
Stlth   +            (no ring)
HPRegen 1.03/turn    (no ring)
MPRegen 0.07/turn

%: no teleportation
@: no status effects
A: large, unfitting armour, claws 3, regeneration 1, shaggy fur 1, tough skin 1
a: Renounce Religion, Berserk


You were in the Dungeon.
You worshipped Trog.
Trog was aware of your devotion.
You visited 1 branch You collected 200 gold pieces.

Inventory:

Armour
 a - a +0 animal skin (worn)
Wands
 h - a wand of acid (5)
 i - a wand of roots (5)
Scrolls
 g - 4 scrolls of blinking
 j - 3 scrolls of fog
Potions
 b - a potion of curing
 c - 4 potions of heal wounds
 d - 4 potions of haste
 e - 2 potions of magic
 f - a potion of berserk rage
 k - a potion of resistance


   Skills:
 + Level 2.7 Fighting
 + Level 2.7 Dodging
 * Level 3.3 Unarmed Combat


You couldn't memorise any spells.
You didn't know any spells.
Your spell library was empty.

Dungeon Overview and Level Annotations

Branches:
Dungeon (1/1)

Altars:
Cheibriados
Dithmenos
Fedhas
Gozag
Kikubaaqudgha
Makhleb
Okawaru
Qazlal
Ru
Sif Muna
Trog
Uskayaw
Vehumet
Wu Jian
Xom
Yredelemnul
Zin
The Shining One
Lugonu

Shops:
D *[??*?*:[((!!!!


Innate Abilities, Weirdness & Mutations

You are too large for most types of armour.
You have claws for hands.
Your natural rate of healing is unusually fast.
You are covered in fur. (AC +1)
You have tough skin. (AC +1)


Message History

Found Goorolur's Distillery and Noravef's Bottled Wisdom.
ROUND 1!
FIGHT!
You sense a tension in the north.
An endoplasm comes into view.
A bat comes into view.
Found Soneoch's Staff Store and Hezur's Magic Scroll Shop.
Found three altars.
The endoplasm quivers.
You claw the endoplasm!
You kill the endoplasm!
Trog accepts your kill.
Found Weriyq's Must-Have Magic and Cacil's Magic Scroll Shop.
The bat barely misses you. The bat completely misses you.
You miss the bat. The bat misses you. The bat hits you but does no damage.
You completely miss the bat. The bat hits you. The bat closely misses you.
The bat hits you but does no damage.
You barely miss the bat. The bat hits you. The bat hits you.
Found a shimmering blue altar of Sif Muna.
The bat hits you but does no damage.
You scratch the bat.
The bat is severely wounded.
The bat closely misses you. The bat hits you but does no damage.
You scratch the bat.
You kill the bat!
Trog accepts your kill.
No target in view!
Found a hide-covered altar of Uskayaw.
You see here a bat corpse.
Found a bloodstained altar of Trog.
Found three shops.
Found an ancient bone altar of Kikubaaqudgha and a stormy altar of Qazlal.
Found a shimmering altar of Xom.
Found a snail-covered altar of Cheibriados.
Found a radiant altar of Vehumet.
Found Uluirgh's Premium Goods.
Found three shops.
Found three altars.
Are you sure you want to abandon this character and quit the game? (Confirm with "yes".)

⌠..........###...###........
⌠..........# #.<.# #........
⌠..........###...###........
#.............###...........
###∩........8.# .8........∩
##∩.__......###......___∩#
######.8.........8.######
#⌠...........⌠#
###.....@...### #_......._#
#_......._# #_......._#
#∩.......∩# ##∩.....∩##
##.....## ##⌠⌠⌠##


There were no monsters in sight!

Vanquished Creatures
  An endoplasm (D)
  A bat (D)
2 creatures vanquished.

Notes
Turn   | Place    | Note
-------+----------+-------------------------------------------
     0 | D        | BreadTh the Troll Berserker began the quest for the Orb.
     0 | D        | Reached XP level 1. HP: 22/22 MP: 0/0
     1 | D        | Found a glowing golden altar of the Shining One.
     2 | D        | Found a burning altar of Makhleb.
     2 | D        | Found a shadowy altar of Dithmenos.
     3 | D        | Found an ornate altar of the Wu Jian Council.
     4 | D        | Found Yniohiaff's Distillery.
     4 | D        | Found a sacrificial altar of Ru.
     4 | D        | Found an iron altar of Okawaru.
     4 | D        | Found Jealaat's Do-It-Yourself Clinic.
     5 | D        | Found Goorolur's Distillery.
     5 | D        | Found Noravef's Bottled Wisdom.
     5 | D        | Round 1.
    10 | D        | Found an opulent altar of Gozag.
    10 | D        | Found a corrupted altar of Lugonu.
    10 | D        | Found a glowing silver altar of Zin.
    10 | D        | Found Soneoch's Staff Store.
    10 | D        | Found Hezur's Magic Scroll Shop.
    13 | D        | Found Weriyq's Must-Have Magic.
    13 | D        | Found Cacil's Magic Scroll Shop.
    21 | D        | Found a shimmering blue altar of Sif Muna.
    24 | D        | Found a hide-covered altar of Uskayaw.
    25 | D        | Found a bloodstained altar of Trog.
    27 | D        | Found Eghudak's Jewellery.
    27 | D        | Found Tefro Paq's Advanced Armour.
    27 | D        | Found an ancient bone altar of Kikubaaqudgha.
    27 | D        | Found a stormy altar of Qazlal.
    27 | D        | Found Luutsik's Identification Station.
    31 | D        | Found a shimmering altar of Xom.
    32 | D        | Found a snail-covered altar of Cheibriados.
    33 | D        | Found a radiant altar of Vehumet.
    34 | D        | Found Uluirgh's Premium Goods.
    35 | D        | Found a basalt altar of Yredelemnul.
    35 | D        | Found a blossoming altar of Fedhas.
    35 | D        | Found Jupig's Weapon Rack.
    35 | D        | Found Fatwac Zeng's Miscellaneous Merchandise.
    35 | D        | Found Dazxim's Basic Armour.
    40 | D        | Quit the game

Illustrated notes

Levels and vault maps discovered:
D:        arena_sprint

Action                     || total
---------------------------++-------
  Melee: Unarmed           ||     6
 Armour: Animal skin       ||     4
  Dodge: Dodged            ||     5
